 Dungeon Crawl Stone Soup version 0.14-a0-1817-gb992dfe (webtiles) character file.

253 Mitsuki the Covert (level 4, -1/22 HPs)
             Began as a Spriggan Assassin on Jan 9, 2014.
             Slain by an orc
             ... wielding a +1,+2 orcish hand axe
              (4 damage)
             ... on Level 3 of the Dungeon.
             The game lasted 00:11:40 (2130 turns).

Mitsuki the Covert (Spriggan Assassin)              Turns: 2130, Time: 00:11:40

HP  -1/22        AC  3     Str  8      XL: 4   Next: 80%
MP   8/8         EV 18     Int 12      God:
Gold 130         SH  0     Dex 17      Spells:  0 memorised,  3 levels left

rFire  . . .     SeeInvis +     a - +3,+1 orc dagger
rCold  . . .     Clarity  .     p - +0 robe
rNeg   . . .     Conserve .     (shield restricted)
rPois  .         rCorr    .     (helmet restricted)
rElec  .         rRot     .     d - +0 cloak
SustAb . .       Spirit   .     (gloves unavailable)
rMut   .         Warding  .     (boots unavailable)
Saprov . . .     Stasis   .     (no amulet)
                                (no ring)
                                (no ring)

@: very quick, slightly resistant to hostile enchantments, very stealthy
A: unfitting armour, see invisible, herbivore 3, speed 3, slow metabolism 2
a: no special abilities


You were on level 3 of the Dungeon.
You were not hungry.

You visited 1 branch of the dungeon, and saw 3 of its levels.

You collected 130 gold pieces.

Inventory:

Hand weapons
 a - a +3,+1 orcish dagger (weapon)
 b - a +0 blowgun
Missiles
 f - 2 curare-tipped needles
Armour
 d - a +0 cloak (worn)
 p - a +0 robe (worn)
Comestibles
 c - a pear
 n - 5 bread rations
Scrolls
 h - a scroll of fog {unknown}
 l - 6 scrolls of identify {unknown}
 o - a scroll of teleportation {unknown}
 q - a scroll of fear {unknown}
 r - a scroll of blinking {unknown}
 t - a scroll of curse weapon {unknown}
Potions
 g - a potion of porridge
 i - a potion of decay {unknown}
 j - 3 potions of curing {unknown}
 k - a potion of flight {unknown}
 m - a potion of magic {unknown}
 s - a potion of restore abilities {unknown}


   Skills:
 - Level 1.5 Fighting
 + Level 2.5 Short Blades
 + Level 3.1 Throwing
 + Level 2.6 Dodging
 + Level 8.2 Stealth


You had 3 spell levels left.
You didn't know any spells.

Dungeon Overview and Level Annotations

Branches:
Dungeon (3/16)

Altars:

Annotations:
D:3 Ijyb


Innate Abilities, Weirdness & Mutations

You are tiny and cannot use many weapons and most armour.
You have supernaturally acute eyesight.
You are a herbivore.
You cover ground extremely quickly.
You need consume almost no food.


Message History

The orc is moderately wounded.
You barely miss the orc.
The orc is moderately wounded.
The orc hits you with an orcish hand axe.
* * * LOW HITPOINT WARNING * * *
You are too injured to fight recklessly!
You are too injured to fight recklessly!
You are too injured to fight recklessly!
You hit the orc but do no damage.
The orc is moderately wounded.
The orc misses you.
You hit the orc.
The orc is heavily wounded.
The orc misses you.
You hit the orc.
The orc is severely wounded.
You closely miss the orc.
The orc is severely wounded.
The orc hits you with an orcish hand axe.
You die...

######### #.......# s
#.......# ...
#.....<.# .o..
#.......###### .....
#.......'.@os#.......
#....%..####....(....
#.....%.# ###.......
#.......# .(....
+.......# .....
#.......# ..((.
#####+### ###


You could see a giant mite and an orc.

Vanquished Creatures
  6 adders (D:2)
  A giant mite (D:2)
  2 worms (D:2)
  3 orcs (D:3)
  11 bats
  4 hobgoblins
  3 jackals (D:1)
  4 kobolds
  A giant cockroach (D:3)
  2 giant newts
  3 goblins
  A quokka (D:2)
  8 rats
49 creatures vanquished.

Notes
Turn   | Place    | Note
--------------------------------------------------------------
     0 | D:1      | Mitsuki, the Spriggan Assassin, began the quest for the Orb.
     0 | D:1      | Reached XP level 1. HP: 10/10 MP: 2/2
    46 | D:1      | Reached skill level 6 in Stealth
   163 | D:1      | Reached XP level 2. HP: 14/14 MP: 4/4
  1067 | D:2      | Reached skill level 7 in Stealth
  1067 | D:2      | Reached XP level 3. HP: 14/18 MP: 6/6
  1319 | D:2      | Reached XP level 4. HP: 22/22 MP: 8/8
  1491 | D:2      | Reached skill level 8 in Stealth
  2048 | D:3      | Noticed Ijyb
  2130 | D:3      | Slain by an orc

Action                   |  1- 3 |  4- 6 || total
-------------------------+-------+-------++-------
Melee: Dagger            |    63 |    30 ||    93
 Fire: Blowgun           |    24 |    24 ||    48
 Stab: Sleeping          |     7 |     4 ||    11
       Distracted        |     2 |       ||     2
